 Dungeon Crawl Stone Soup version 0.28.0-49-g6dfe1f597d (webtiles) character file.

Game seed: 17489680840616957874

19 Thatpatchoflichen the Cutter (level 2, 0/20 HPs)
             Began as a Kobold Monk on May 16, 2022.
             Succumbed to a scorpion's poison
             ... on level 2 of the Dungeon.
             The game lasted 00:04:17 (1629 turns).

Thatpatchoflichen the Cutter (Kobold Monk)          Turns: 1629, Time: 00:04:18

Health: 0/20       AC:  3    Str:  8    XL:     2   Next: 95%
Magic:  2/2        EV: 15    Int: 11    God:
Gold:   21         SH:  0    Dex: 17    Spells: 1/1 levels left

rFire   . . .      SeeInvis .   a - +0 short sword
rCold   . . .      Faith    .   (no shield)
rNeg    . . .      Spirit   .   e - +0 leather armour
rPois   .          Reflect  .   (no helmet)
rElec   .          Harm     .   (no cloak)
rCorr   .          Rampage  .   (no gloves)
Will    .....                   (no boots)
Stlth   +++.......              (no amulet)
HPRegen 0.06/turn               (no ring)
MPRegen 0.08/turn               (no ring)

@: lethally poisoned (0 -> -10)
A: small, no large weapons, nightstalker 3
a: no special abilities


You were on level 2 of the Dungeon.
You visited 1 branch of the dungeon, and saw 2 of its levels.

You collected 21 gold pieces.

Inventory:

Hand Weapons
 a - a +0 short sword (weapon)
Missiles
 d - a throwing net (quivered)
 f - 9 bolts
Armour
 b - a +0 robe
 e - a +0 leather armour (worn)
Potions
 c - a potion of mutation {unknown}


   Skills:
 * Level 3.7 Fighting
 + Level 4.2 Short Blades
 + Level 3.9 Dodging
 + Level 3.1 Stealth


You had one spell level left.
You didn't know any spells.
Your spell library was empty.

Dungeon Overview and Level Annotations

Branches:
Dungeon (2/15)

Altars:

Shops:
D:1 [


Innate Abilities, Weirdness & Mutations

You are small and have problems with some larger weapons.
You are completely attuned to the shadows.


Message History

There is an escape hatch in the ceiling here.
A mysterious force pulls you upwards. The hatch slams shut behind you.
You see here a +0 club.
There is a stone staircase leading down here.
You climb downwards.
There is a stone staircase leading up here.
There is a stone staircase leading up here.
A worm comes into view.
You hit the worm but do no damage. You hit the worm.
The worm is moderately wounded.
The worm bites you.
You hit the worm.
The worm is moderately wounded.
You hit the worm but do no damage.
The worm is moderately wounded.
A scorpion comes into view.
The worm bites you.
You hit the worm.
The worm is moderately wounded.
You hit the worm but do no damage.
The worm is moderately wounded.
The worm barely misses you.
You hit the worm.
The worm is heavily wounded.
A rat comes into view.
The scorpion barely misses you. The scorpion misses you.
Press: ? - help, v - describe, . - travel
Here: a worm (moderately wounded)
The floor.
The worm bites you. The scorpion misses you.
The scorpion completely misses you. The scorpion stings you.
* * * LOW HITPOINT WARNING * * *
You are lethally poisoned!
The scorpion poisons you!
* * * LOW HITPOINT WARNING * * *
You feel very sick.
You die...

.r #....+ ..###....#
############# .........#
#...........# .........#
#.#########.#
........###########.#...
#.#
..........w...s.@......#
#.#
#.......####..<...#.####
#.# #.......#
#....).#... #.#
#........ .....†..#####
#.# #...........?.....#
#.# #.###### .....####
#.# .....# ########.###
#...†......#
#.##########


You could see a scorpion.

Vanquished Creatures
  3 ball pythons
  2 endoplasms (D:1)
  5 goblins
  2 hobgoblins
  A bat (D:2)
  2 frilled lizards (D:1)
  4 rats (D:1)
19 creatures vanquished.

Vanquished Creatures (others)
  A plant (D:1)
1 creature vanquished.

Grand Total: 20 creatures vanquished

Notes
Turn   | Place    | Note
-------+----------+-------------------------------------------
     0 | D:1      | Thatpatchoflichen the Kobold Monk began the quest for the
                  | Orb.
     0 | D:1      | Reached XP level 1. HP: 14/14 MP: 1/1
   447 | D:1      | Reached XP level 2. HP: 13/19 MP: 2/2
  1046 | D:1      | Found Haen's Armour Shoppe.
  1610 | D:2      | Noticed a scorpion
  1629 | D:2      | Succumbed to a scorpion's poison

Illustrated notes

Levels and vault maps discovered:
D:1:      matt_arrival_grand_opening, layout_basic, serial_forest,
          infiniplex_forest_lined_ring, infiniplex_forest_clump_medium,
          infiniplex_forest_end_2, infiniplex_forest_lined_room_3,
          infiniplex_forest_zigzag_1, infiniplex_forest_end_2, serial_shops,
          nicolae_shop_trees, kennysheep_nondescript
D:2:      layout_basic, basic_altar

Skill      XL: |  1  2 |
---------------+-------+-----
Stealth        | 3 |  3.1
Fighting       | |  3.7
Short Blades   | |  4.2
Dodging        | |  3.9

Action                   || total
-------------------------++-------
Melee: Short sword       ||    51
       Punch             ||     1
 Stab: Sleeping          ||     6
Armor: Robe              ||     1
       Leather armour    ||     2
Dodge: Dodged            ||    34
